 Dungeon Crawl Stone Soup version 0.29-a0-559-g359e09b9d1 (console) character file.

Game seed: 6270474502427359748

387 jejorda2 the Slasher (level 6, 0/47 HPs)
             Began as a Merfolk Berserker on June 10, 2022.
             Was a Believer of Trog.
             Succumbed to Edmund's poison
             ... on level 6 of the Dungeon.
             The game lasted 00:04:55 (2414 turns).

jejorda2 the Slasher (Merfolk Berserker)            Turns: 2414, Time: 00:04:55

Health: 0/47       AC: 10    Str: 18    XL:     6   Next: 78%
Magic:  6/6        EV:  8    Int:  6    God:    Trog [**....]
Gold:   95         SH:  0    Dex: 15    Spells: 5/5 levels left

rFire   . . .      SeeInvis .   a - +0 falchion
rCold   . . .      Faith    .   (no shield)
rNeg    . . .      Spirit   .   b - +0 chain mail
rPois   .          Reflect  .   (no helmet)
rElec   .          Harm     .   (no cloak)
rCorr   .          Rampage  .   (no gloves)
Will    +....                   n - +0 pair of boots
Stlth   ..........              (no amulet)
HPRegen 0.15/turn               k - ring of willpower
MPRegen 0.10/turn               (no ring)

@: lethally poisoned (0 -> -5), on berserk cooldown, slowed, very slow
A: (nimble swimmer 2), mertail
a: Renounce Religion, Berserk, Trog's Hand


You were on level 6 of the Dungeon.
You worshipped Trog.
Trog was pleased with you.
You visited 1 branch of the dungeon, and saw 4 of its levels.

You collected 95 gold pieces.

Inventory:

Hand Weapons
 a - a +0 falchion (weapon)
 p - a +2 dagger of draining
Missiles
 f - 2 boomerangs
 i - 59 stones (quivered)
Armour
 b - a +0 chain mail (worn)
 n - a +0 pair of boots (worn)
Jewellery
 k - a ring of willpower (left hand)
Scrolls
 c - a scroll of poison {unknown}
 d - 2 scrolls of teleportation {unknown}
 g - a scroll of blinking {unknown}
 h - 2 scrolls of identify {unknown}
 l - a scroll of noise {unknown}
 m - a scroll of magic mapping {unknown}
 o - a scroll of enchant weapon {unknown}
Potions
 e - 2 potions of curing {unknown}
 j - 2 potions of flight {unknown}
 q - a potion of mutation {unknown}


   Skills:
 - Level 3.2 Fighting
 * Level 7.5 Long Blades
 + Level 3.1 Armour
 - Level 2.6 Dodging


You had 5 spell levels left.
You didn't know any spells.
Your spell library was empty.

Dungeon Overview and Level Annotations

Branches:
Dungeon (3/15)

Altars:
Hepliaklqana
Trog


Innate Abilities, Weirdness & Mutations

((You are very nimble when in or above water. (Stealth+, EV+, Speed+++)))
Your lower body shifts to a powerful aquatic tail in water.


Message History

You feel very sick.
You barely miss Edmund.
Edmund is severely wounded.
You feel sick.
Edmund hits you with a +4 flail of venom.
You are more poisoned.
You slash Edmund!
Edmund is almost dead.
You feel very sick.
Edmund asks, "Have you met my wondrous brother?"
Edmund hits you with a +4 flail of venom.
You are more poisoned.
You completely miss Edmund.
Edmund is almost dead.
You feel very sick.
You are too injured to fight recklessly!
You are too injured to fight recklessly!
You slash Edmund!
You kill Edmund!
Trog accepts your kill.
You feel very sick.
Your Armour skill increases to level 3!
You feel very sick.
Items here: ) [.
You feel a strong urge to attack something.
You feel very sick.
You start resting.
You are no longer berserk.
You are exhausted.
You feel yourself slow down.
* * * LOW HITPOINT WARNING * * *
You feel very sick.
* * * LOW HITPOINT WARNING * * *
You feel very sick.
* * * LOW HITPOINT WARNING * * *
You feel very sick.
* * * LOW HITPOINT WARNING * * *
You feel very sick.
There is an open door here.
You die...

#...>....... ........
#..........# #.....#
#..........# #.....#
#..........######.....#
#...(......))†.##.....'
#......#######.##.....###
#)# ### #..........#
#.#######..).#####..
##########...'@'......#
#..........###'###....#
#.#######..# #)# #....#
#######.###.###..#.#
#...........)....#.#
#......#..###.##.#.#
#......#..# #....#
#......#..# ####.#
'......#..# ...


There were no monsters in sight!

Vanquished Creatures
  Edmund (D:6)
  Pargi (D:3)
  A necrophage (D:6)
  A gnoll (D:6)
  6 adders
  A worm (D:3)
  2 dart slugs (D:1)
  4 orcs (D:6)
  3 endoplasms
  2 giant cockroaches (D:2)
  8 goblins
  A hobgoblin (D:2)
  4 jackals (D:2)
  A kobold (D:1)
  6 ball pythons
  A bat (D:2)
  3 frilled lizards
  2 rats
48 creatures vanquished.

Vanquished Creatures (others)
  A fungus (D:1)
  A plant (D:1)
2 creatures vanquished.

Grand Total: 50 creatures vanquished

Notes
Turn   | Place    | Note
-------+----------+-------------------------------------------
     0 | D:1      | jejorda2 the Merfolk Berserker began the quest for the Orb.
     0 | D:1      | Reached XP level 1. HP: 18/18 MP: 1/1
   191 | D:1      | Reached skill level 4 in Long Blades
   191 | D:1      | Reached XP level 2. HP: 20/24 MP: 2/2
   825 | D:1      | Found a faded altar of an unknown god.
   903 | D:2      | Reached XP level 3. HP: 14/29 MP: 3/3
  1593 | D:2      | Reached skill level 5 in Long Blades
  1691 | D:2      | Reached ** piety under Trog
  1692 | D:2      | Reached XP level 4. HP: 35/35 MP: 4/4
  1762 | D:2      | Found a bloodstained altar of Trog.
  1938 | D:3      | Noticed Pargi
  1947 | D:3      | Killed Pargi
  1948 | D:3      | Reached skill level 6 in Long Blades
  1948 | D:3      | Reached XP level 5. HP: 41/41 MP: 5/5
  2116 | D:3      | Found a bloodstained altar of Trog.
  2150 | D:3      | You fall into a shaft and drop 3 floors!
  2178 | D:6      | Reached XP level 6. HP: 34/47 MP: 6/6
  2341 | D:6      | Found a hazy altar of Hepliaklqana.
  2379 | D:6      | Reached skill level 7 in Long Blades
  2396 | D:6      | Noticed Edmund
  2407 | D:6      | Killed Edmund
  2413 | D:6      | HP: 2/47 [poisoned by Edmund]
  2414 | D:6      | Succumbed to Edmund's poison

Illustrated notes

Levels and vault maps discovered:
D:1:      arrival_zaba_pyramid, layout_basic, shapermc_ecumenical_altar_petra
D:2:      layout_basic, basic_altar
D:3:      layout_loops_ring, mainiacjoe_overflow_small_starburst, serial_shops,
          shop, kennysheep_generic_room_10, uniq_jessica, uniq_pargi,
          uniq_terence
D:6:      layout_basic, lemuel_doored_altar, grunt_qazlal_clouds,
          minmay_temple_entry_offerings, uniq_edmund

Skill      XL: |  1  2  3  4  5  6 |
---------------+-------------------+-----
Long Blades    | 4 5 6 7 |  7.5
Armour         | 2 3 |  3.1
Fighting       | |  3.2
Dodging        | |  2.6

Action                   |  1- 3 |  4- 6 || total
-------------------------+-------+-------++-------
Melee: Falchion          |    95 |    87 ||   182
Throw: Stone             |     2 |     2 ||     4
Invok: Berserk           |     1 |     3 ||     4
Armor: Animal skin       |     2 |       ||     2
       Chain mail        |    30 |    44 ||    74
       Ring mail         |     6 |       ||     6
Dodge: Dodged            |    37 |    35 ||    72

Table legend: (Time is in decaauts)
 A = Elapsed time spent in this place.
 B = Non-inter-level travel time spent in this place.
 C = Inter-level travel time spent in this place.
 D = Time resting spent in this place.
 E = Time spent auto-exploring this place.
 F = Levels seen in this place.
 G = Mean time per level.
                   A        B        C        D        E       F      G
               +--------+--------+--------+--------+--------+-----+--------+
         Total |   2442 |   2358 |     84 |    175 |   1772 |   4 |  610.5 |
       Dungeon |   2442 |   2358 |     84 |    175 |   1772 |   4 |  610.5 |
               +--------+--------+--------+--------+--------+-----+--------+

Top non-repeatable levels by time:
     D:1: 1119 daAuts
     D:2: 802 daAuts
     D:6: 268 daAuts
     D:3: 251 daAuts
